 Dungeon Crawl Stone Soup version 0.30-a0-50-gb2d611f6b1 (webtiles) character file.

Game seed: 6350811037704376719

757 Destapler the Magician (level 7, 0/40 HPs)
             Began as a Deep Elf Air Elementalist on Sept 3, 2022.
             Was an Initiate of Sif Muna.
             Slain by a gnoll sergeant
             ... wielding a +2 trident of flaming
              (8 damage)
             ... on level 5 of the Dungeon.
             The game lasted 00:16:37 (5530 turns).

Destapler the Magician (Deep Elf Air Elementalist)  Turns: 5530, Time: 00:16:38

Health: 0/40       AC:  2    Str:  5    XL:     7   Next: 50%
Magic:  10/16      EV: 13    Int: 22    God:    Sif Muna [......]
Gold:   243        SH:  0    Dex: 15    Spells: 6/16 levels left

rFire   . . .      SeeInvis .    h - +0 dagger
rCold   + . .      Faith    +    (no shield)
rNeg    . . .      Spirit   .    l - +0 robe of Slovenliness {Fly rPois}
rPois   +          Reflect  .    (no helmet)
rElec   .          Harm     .    (no cloak)
rCorr   .          Rampage  .    (no gloves)
Will    .....                    (no boots)
Stlth   +++.......               n - amulet of faith
HPRegen 0.13/turn                k - ring of protection from cold
MPRegen 0.15/turn                (no ring)

@: flying
A: no striking features
a: Renounce Religion


You were on level 5 of the Dungeon.
You worshipped Sif Muna.
Sif Muna was noncommittal.
You visited 2 branches of the dungeon, and saw 6 of its levels.

You collected 243 gold pieces.

Inventory:

Hand Weapons
 c - a +0 whip
 h - a +0 dagger (weapon)
Armour
 l - the +0 robe of Slovenliness (worn) {Fly rPois}
   (You found it on level 3 of the Dungeon)

   rPois:     It protects you from poison.
   Fly:       It grants you flight.
Jewellery
 k - a ring of protection from cold (left hand)
 n - an amulet of faith (around neck)
Scrolls
 a - a scroll of immolation
 e - 6 scrolls of identify {unknown}
 f - 2 scrolls of noise {unknown}
 j - a scroll of torment {unknown}
Potions
 b - 2 potions of magic
 d - a potion of degeneration {unknown}
 g - a potion of berserk rage {unknown}
 i - 4 potions of curing {unknown}


   Skills:
 * Level 2.5 Fighting
 + Level 2.1 Short Blades
 - Level 1.0 Armour
 - Level 4.0 Dodging
 + Level 4.5 Stealth
 + Level 1.7 Shields
 - Level 5.0 Spellcasting
 - Level 3.0 Conjurations
 - Level 4.0 Air Magic
 - Level 1.0 Invocations
 - Level 1.0 Evocations


You had 6 spell levels left.
You knew the following spells:

 Your Spells              Type           Power      Damage    Failure   Level
a - Shock                 Conj/Air       80%        1d8       2%          1
b - Static Discharge      Conj/Air       40%        3-6/arc   3%          2
c - Swiftness             Air            23%        N/A       6%          3
d - Airstrike             Air            11%        2d(2-18)  19%         4

Your spell library contained the following spells:

 Spells                   Type           Power      Damage    Failure   Level
 Scorch                   Fire           10%        2d5       16%         2
 Flame Wave               Conj/Fire      12%        2d6       47%         4
 Summon Cactus Giant      Summ           2%         N/A       100%        6


Dungeon Overview and Level Annotations

Branches:
Dungeon (5/15)             Temple (1/1) D:5

Altars:
Ashenzari
Cheibriados
Dithmenos
Elyvilon
Fedhas
Gozag
Hepliaklqana
Kikubaaqudgha
Makhleb
Nemelex Xobeh
Okawaru
Qazlal
Ru
Sif Muna
Uskayaw
Wu Jian
Xom
Yredelemnul
Zin
The Shining One

Annotations:
D:5 exclusions: door, iron imp and upstairs


Message History

The zap misses the gnoll sergeant.
The zap hits the gnoll sergeant.
The gnoll sergeant is lightly wounded.
The zap hits the gnoll sergeant but does no damage.
The gnoll sergeant is lightly wounded.
The gnoll sergeant hits you from afar with a +2 trident of flaming!
The gnoll sergeant burns you.
The zap hits the gnoll sergeant but does no damage.
The gnoll sergeant is lightly wounded.
The zap hits the gnoll sergeant.
The gnoll sergeant is moderately wounded.
The gnoll sergeant hits you from afar with a +2 trident of flaming!
* * * LOW HITPOINT WARNING * * *
The gnoll sergeant burns you.
* * * LOW HITPOINT WARNING * * *
The zap hits the gnoll sergeant.
The gnoll sergeant is moderately wounded.
The zap misses the gnoll sergeant.
The gnoll sergeant hits you but does no damage.
The zap hits the gnoll sergeant.
The gnoll sergeant is heavily wounded.
The zap misses the gnoll sergeant.
The gnoll sergeant misses you.
The zap misses the gnoll sergeant.
The zap hits the gnoll sergeant.
The gnoll sergeant is severely wounded.
The gnoll sergeant hits you from afar with a +2 trident of flaming.
* * * LOW HITPOINT WARNING * * *
The gnoll sergeant burns you.
* * * LOW HITPOINT WARNING * * *
You are too injured to fight recklessly!
Casting: Shock (safe; 2% risk of failure)
Confirm with . or Enter, or press ? or * to list all spells.
Aiming: Shock (safe; 2% risk of failure)
Press: ? - help, Shift-Dir - straight line, f/p - gnoll sergeant
Aim: a gnoll sergeant, wielding a +2 trident of flaming and wearing a +0 scale mail (severely wounded, 79% to hit)
The zap hits the gnoll sergeant.
The gnoll sergeant is almost dead.
The zap hits the gnoll sergeant but does no damage.
The gnoll sergeant is almost dead.
The gnoll sergeant hits you from afar with a +2 trident of flaming!
You die...

###. ##⌠#_#_###.#.# #.....#
.#....############.###.....#
.........># #.........###.##
..........####.........##....
.....g.................##....
........o....................
...)....###'###..............
....?)..#.....##.########....
.>....).#.g.@.##.# #....
.#......'.)>..'..# #####
########.⌠.⌠.##.# #.....# .#
###+###


You could see a gnoll sergeant.

Vanquished Creatures
  Grinder (D:4)
  An ogre (D:5)
  A phantom (D:4)
  A scorpion (D:4)
  3 hounds (D:5)
  An orc wizard (D:4)
  9 gnolls (D:5)
  5 adders
  2 ufetubi
  A worm (D:5)
  6 orcs
  10 ball pythons
  10 endoplasms
  3 giant cockroaches
  4 goblins
  15 hobgoblins
  4 jackals
  5 quokkas
  4 bats (D:1)
  A frilled lizard (D:3)
  6 kobolds
  9 rats
102 creatures vanquished.

Notes
Turn   | Place    | Note
-------+----------+-------------------------------------------
     0 | D:1      | Destapler the Deep Elf Air Elementalist began the quest for
                  | the Orb.
     0 | D:1      | Reached XP level 1. HP: 10/10 MP: 6/6
   391 | D:1      | Reached XP level 2. HP: 15/15 MP: 4/8
   969 | D:1      | Reached XP level 3. HP: 19/19 MP: 6/9
  1154 | D:1      | Found a faded altar of an unknown god.
  2170 | D:2      | Reached XP level 4. HP: 24/24 MP: 5/11
  2550 | D:3      | Identified the +0 robe of Slovenliness {Fly rPois}
  2722 | D:3      | Learned a level 2 spell: Static Discharge
  2726 | D:3      | Learned a level 3 spell: Swiftness
  2731 | D:3      | Learned a level 4 spell: Airstrike
  3117 | D:4      | Noticed a scorpion
  3128 | D:4      | Killed a scorpion
  3129 | D:4      | Reached skill level 4 in Spellcasting
  3129 | D:4      | Reached XP level 5. HP: 18/28 MP: 1/13
  3474 | D:4      | Reached skill level 1 in Fighting
  3474 | D:4      | Reached skill level 1 in Short Blades
  3581 | D:4      | Noticed a phantom
  3690 | D:4      | Killed a phantom
  3691 | D:4      | Reached skill level 1 in Evocations
  3691 | D:4      | Reached XP level 6. HP: 30/34 MP: 7/14
  3770 | D:4      | Noticed Grinder
  3909 | D:4      | Killed Grinder
  3910 | D:4      | Reached skill level 1 in Armour
  3910 | D:4      | Reached skill level 1 in Shields
  3910 | D:4      | Reached skill level 1 in Invocations
  4164 | D:5      | Entered Level 5 of the Dungeon
  4376 | D:5      | Reached XP level 7. HP: 40/40 MP: 4/16
  4756 | D:5      | Found a snail-covered altar of Cheibriados.
  4895 | D:5      | Found a glowing golden altar of the Shining One.
  4895 | D:5      | Found a shimmering altar of Xom.
  4942 | D:5      | Found a basalt altar of Yredelemnul.
  4942 | D:5      | Found a glowing silver altar of Zin.
  4943 | D:5      | Found a blossoming altar of Fedhas.
  4944 | D:5      | Found a burning altar of Makhleb.
  4947 | D:5      | Found a shadowy altar of Dithmenos.
  4969 | D:5      | Found a staircase to the Ecumenical Temple.
  4990 | Temple   | Entered the Ecumenical Temple
  5398 | Temple   | Became a worshipper of Sif Muna the Loreminder
  5446 | D:5      | Reached skill level 5 in Spellcasting
  5530 | D:5      | Slain by a gnoll sergeant

Illustrated notes

Levels and vault maps discovered:
D:1:      nicolae_arrival_somewhat_less_tricky_arrival, layout_basic,
          shapermc_ecumenical_altar_mp_vishouse
D:2:      layout_loops_corners, minmay_misc_feat_room, item_on_display_a
D:3:      layout_rooms
D:4:      layout_rooms, corner_web_ring, minmay_misc_feat_chi, uniq_grinder
D:5:      layout_rooms, chei_slow_surprise, minitemple,
          minmay_temple_entry_hall, minmay_misc_feat_columns
Temple:   minmay_temple_forest_path

Skill      XL: |  1  2  3  4  5  6  7 |
---------------+----------------------+-----
Stealth        | 3 4 |  4.5
Dodging        | 3 4 |  4.0
Conjurations   | 2 3 |  3.0
Spellcasting   | 4 5 |  5.0
Fighting       | 1 2 |  2.5
Short Blades   | 1 2 |  2.1
Evocations     | 1 |  1.0
Armour         | 1 |  1.0
Shields        | 1 |  1.7
Invocations    | 1 |  1.0
Air Magic      | 4 |  4.0

Action                   |  1- 3 |  4- 6 |  7- 9 || total
-------------------------+-------+-------+-------++-------
Melee: Dagger            |     1 |     1 |       ||     2
 Cast: Shock             |   100 |    97 |    46 ||   243
       Swiftness         |       |     1 |       ||     1
  Use: Scroll            |       |     2 |       ||     2
 Stab: Sleeping          |       |     1 |       ||     1
Armor: Robe              |     1 |     2 |     1 ||     4
Dodge: Dodged            |     8 |    25 |    15 ||    48

Table legend: (Time is in decaauts)
 A = Elapsed time spent in this place.
 B = Non-inter-level travel time spent in this place.
 C = Inter-level travel time spent in this place.
 D = Time resting spent in this place.
 E = Time spent auto-exploring this place.
 F = Levels seen in this place.
 G = Mean time per level.
                   A        B        C        D        E       F      G
               +--------+--------+--------+--------+--------+-----+--------+
         Total |   5529 |   5357 |    172 |    104 |   4463 |   6 |  921.5 |
       Dungeon |   5019 |   4874 |    145 |     33 |   4093 |   5 | 1003.8 |
        Temple |    510 |    483 |     27 |     71 |    370 |   1 |  510.0 |
               +--------+--------+--------+--------+--------+-----+--------+

Top non-repeatable levels by time:
     D:2: 1285 daAuts
     D:1: 1249 daAuts
     D:4: 1122 daAuts
     D:5: 855 daAuts
  Temple: 510 daAuts
     D:3: 506 daAuts
